 Dungeon Sprint DCSS version 0.29-a0-819-g94b489e0ae (webtiles) character file.

Game seed: 13565297093201084627

3100000 Ayihk420 the Conqueror (level 18, -23/236 HPs)
             Began as an Ogre Monk on July 6, 2022.
             Was the Champion of Makhleb.
             Annihilated by a destroyer
             ... wielding a +9 vorpal great sword
              (204 damage)
             ... in the Dungeon (Sprint VIII: "Arena of Blood").
             The game lasted 00:02:54 (31 turns).

Ayihk420 the Conqueror (Ogre Monk)                    Turns: 31, Time: 00:02:54

Health: -23/236    AC:  4    Str: 22    XL:     18   Next: 77%
Magic:  19/27      EV: 24    Int: 11    God:    Makhleb [******]
Gold:   0          SH:  0    Dex: 15    Spells: 29/29 levels left

rFire   . . .      SeeInvis .   i - +∞ Axe of Woe
rCold   . . .      Faith    .   (shield currently unavailable)
rNeg    . . .      Spirit   .   a - +0 robe
rPois   .          Reflect  .   (helmet restricted)
rElec   .          Harm     .   (no cloak)
rCorr   .          Rampage  .   (gloves unavailable)
Will    +....      NoTele   +   (boots unavailable)
Stlth   ++++......              (no amulet)
HPRegen 0.49/turn               j - +30 ring of slaying
MPRegen 0.20/turn               k - +30 ring of slaying

@: no status effects
A: large, unfitting armour, tough skin 1
a: Renounce Religion, Minor Destruction, Lesser Servant of Makhleb, Major
Destruction, Greater Servant of Makhleb


You were in the Dungeon.
You worshipped Makhleb.
Makhleb was exalted by your worship.
You visited 1 branch

Inventory:

Hand Weapons
 i - the +∞ Axe of Woe (weapon)
   (You found it in the Dungeon)
Armour
 a - a +0 robe (worn)
Jewellery
 j - a +30 ring of slaying (left hand)
 k - a +30 ring of slaying (right hand)
 l - a +30 ring of slaying
Scrolls
 h - a scroll of blinking
Potions
 b - a potion of ambrosia
 c - a potion of curing
 d - a potion of heal wounds
 e - a potion of haste
 f - 2 potions of magic
 g - a potion of berserk rage


   Skills:
 O Level 27 Fighting
 - Level 5.3(6.4) Short Blades
 - Level 5.3(6.4) Long Blades
 O Level 27 Axes
 - Level 5.3(17.7) Maces & Flails
 - Level 5.8(19.1) Polearms
 - Level 5.9(8.0) Staves
 - Level 4.4 Ranged Weapons
 - Level 5.8 Throwing
 * Level 17.6 Armour
 O Level 27 Dodging
 + Level 8.7 Stealth
 * Level 20.4 Shields
 - Level 15.6 Unarmed Combat
 - Level 6.4 Spellcasting
 - Level 5.3 Conjurations
 - Level 6.0 Hexes
 - Level 5.3 Summonings
 - Level 5.3 Necromancy
 - Level 5.3 Translocations
 - Level 5.3 Transmutations
 - Level 6.0 Fire Magic
 - Level 6.0 Ice Magic
 - Level 6.0 Air Magic
 - Level 6.0 Earth Magic
 - Level 6.0 Poison Magic
 - Level 7.2 Invocations
 - Level 5.4 Evocations


You had 29 spell levels left.
You didn't know any spells.
Your spell library was empty.

Dungeon Overview and Level Annotations

Branches:
Dungeon (1/1)

Altars:
Makhleb


Innate Abilities, Weirdness & Mutations

You are too large for most types of armour.
You have tough skin. (AC +1)


Message History

The destroyer casts a spell at you.
The destroyer blinks!
You hear a shout!
Items here: )))) ==== ††††.
Okay, then.
A demon appears!
You hear a shout! x3
The destroyer hits you with a +9 vorpal great sword!
The destroyer bites you!
The destroyer draws strength from your injuries!
The destroyer casts a spell at you.
The destroyer blinks!
You hear a shout!
You swap places.
The meat berserker attacks as you move away!
The meat berserker closely misses you. 2 bags of meat come into view.
The bag of meat shouts!
You hear a shout! x5
The meat berserker hits your hellwing with a +9 battleaxe!
A bag of meat comes into view. It is wielding a +9 war axe.
You hear a shout! x2
The bag of meat hits your hellwing with a +9 war axe!!
Your hellwing dies!
Your hellwing disappears in a puff of smoke!
A bag of meat comes into view. It is wielding a +9 war axe.
You hear a shout! x3
The destroyer points at you and mumbles some strange words.
The destroyer blinks!
The destroyer casts a spell at you.
The destroyer blinks!
There is a burning altar of Makhleb, spattered with blood here.
A bag of meat comes into view. It is wielding a +9 war axe.
You hear a shout! x6
The large bag of meat is engulfed in blazing flames.
A bag of meat comes into view. It is wielding a +9 war axe. x2
The destroyer casts a spell at you.
The destroyer blinks!
The destroyer hits you with a +9 vorpal great sword!!!!!
Ouch! That really hurt!
You die...

.oo... o..V. ..
#o.o. ..# .. #o§o
..# ...###...
..###.
........###§.....
#.....Vo._......
...D #@§.☼.#
...O. #_OO)_#
......#Oo☼..#..
#......o)_)......
.......o###......
...###... ..###.
.. #...o o.#
#....o .#
.........


You could see 2 destroyers, 2 large bags of meat, a meat berserker (berserk) and
11 bags of meat.

Vanquished Creatures
  9 ogres (D)
  A two-headed ogre (D)
  11 orcs (D)
21 creatures vanquished.

Notes
Turn   | Place    | Note
-------+----------+-------------------------------------------
     0 | D        | Found the +∞ Axe of Woe
     0 | D        | Ayihk420 the Ogre Monk began the quest for the Orb.
     0 | D        | Reached XP level 1. HP: 24/24 MP: 1/1
     2 | D        | Noticed a bag of meat
     4 | D        | Became a worshipper of Makhleb the Destroyer
     4 | D        | Reached * piety under Makhleb
     4 | D        | Reached ** piety under Makhleb
     4 | D        | Noticed a meat berserker
     5 | D        | Noticed a bag of meat
     5 | D        | Noticed a bag of meat
     6 | D        | Noticed a bag of meat
     6 | D        | Noticed a bag of meat
     6 | D        | Noticed a meat berserker
     6 | D        | Noticed a bag of meat
     7 | D        | Killed a meat berserker
     8 | D        | Reached skill level 15 in Dodging
     8 | D        | Reached skill level 5 in Stealth
     8 | D        | Reached skill level 15 in Unarmed Combat
     8 | D        | Reached XP level 2. HP: 70/70 MP: 2/2
     8 | D        | Reached XP level 3. HP: 78/78 MP: 3/3
     8 | D        | Reached XP level 4. HP: 88/88 MP: 4/4
     8 | D        | Reached XP level 5. HP: 96/96 MP: 5/5
     8 | D        | Reached XP level 6. HP: 106/106 MP: 6/6
     8 | D        | Reached XP level 7. HP: 114/114 MP: 7/7
     8 | D        | Reached XP level 8. HP: 124/124 MP: 8/8
     8 | D        | Reached XP level 9. HP: 132/132 MP: 9/9
     8 | D        | Reached XP level 10. HP: 143/143 MP: 10/10
     8 | D        | Reached XP level 11. HP: 150/150 MP: 11/11
     8 | D        | Reached XP level 12. HP: 161/161 MP: 12/12
     9 | D        | Noticed a bag of meat
    10 | D        | Killed a meat berserker
    10 | D        | Noticed a bag of meat
    11 | D        | Reached XP level 13. HP: 174/179 MP: 13/13
    11 | D        | Killed a bag of meat
    11 | D        | Killed a bag of meat
    11 | D        | Reached *** piety under Makhleb
    12 | D        | Reached XP level 14. HP: 150/196 MP: 14/14
    12 | D        | Killed a bag of meat
    12 | D        | Noticed a meat berserker
    13 | D        | Reached skill level 27 in Fighting
    13 | D        | Reached skill level 10 in Axes
    13 | D        | Killed a bag of meat
    13 | D        | Noticed a bag of meat
    13 | D        | Noticed a meat berserker
    13 | D        | Noticed a meat berserker
    13 | D        | Noticed a bag of meat
    14 | D        | Noticed a meat berserker
    14 | D        | Noticed a meat berserker
    15 | D        | Killed a bag of meat
    15 | D        | Reached **** piety under Makhleb
    15 | D        | Killed a meat berserker
    15 | D        | Killed a bag of meat
    16 | D        | Reached skill level 27 in Dodging
    16 | D        | Reached XP level 15. HP: 121/206 MP: 15/15
    16 | D        | Reached ***** piety under Makhleb
    16 | D        | Noticed a large bag of meat
    17 | D        | Reached XP level 16. HP: 182/217 MP: 16/16
    18 | D        | Killed a meat berserker
    18 | D        | Killed a meat berserker
    18 | D        | Noticed a meat berserker
    19 | D        | Reached skill level 27 in Axes
    19 | D        | Reached XP level 17. HP: 199/226 MP: 17/17
    19 | D        | Killed a meat berserker
    19 | D        | Killed a meat berserker
    20 | D        | Reached skill level 5 in Short Blades
    20 | D        | Reached skill level 5 in Long Blades
    20 | D        | Reached skill level 5 in Maces & Flails
    20 | D        | Reached skill level 5 in Polearms
    20 | D        | Reached skill level 5 in Staves
    20 | D        | Reached skill level 5 in Throwing
    20 | D        | Reached skill level 5 in Shields
    20 | D        | Reached skill level 5 in Conjurations
    20 | D        | Reached skill level 5 in Summonings
    20 | D        | Reached skill level 5 in Necromancy
    20 | D        | Reached skill level 5 in Translocations
    20 | D        | Reached skill level 5 in Transmutations
    20 | D        | Reached skill level 5 in Evocations
    21 | D        | Noticed a meat berserker
    24 | D        | Killed a meat berserker
    25 | D        | Reached XP level 18. HP: 236/236 MP: 17/27
    25 | D        | Killed a large bag of meat
    25 | D        | Reached ****** piety under Makhleb
    25 | D        | Noticed a destroyer
    26 | D        | Noticed a meat berserker
    26 | D        | Noticed an eight-headed meat hydra
    26 | D        | Noticed a large bag of meat
    27 | D        | Killed a meat berserker
    28 | D        | Noticed a destroyer
    28 | D        | Noticed a large bag of meat
    31 | D        | Annihilated by a destroyer

Illustrated notes

Levels and vault maps discovered:
D:        meatsprint

Skill      XL: |  1  2  3  4  5  6  7  8  9 10 11 12 13 14 15 16 17 18 |
---------------+-------------------------------------------------------+-----
Fighting       | 21 24 26 27 | 27.0
Axes           | 4 6 8 20 24 27 | 27.0
Dodging        | 15 20 22 27 | 27.0
Stealth        | 5 6 8 |  8.7
Unarmed Combat | 15 | 15.6
Short Blades   | 5 |  5.3
Long Blades    | 5 |  5.3
Maces & Flails | 5 |  5.3
Polearms       | 5 |  5.8
Staves         | 5 |  5.9
Ranged Weapons | 4 |  4.4
Throwing       | 5 |  5.8
Armour         | 11 17 | 17.6
Shields        | 13 20 | 20.4
Spellcasting   | 6 |  6.4
Conjurations   | 5 |  5.3
Hexes          | 6 |  6.0
Summonings     | 5 |  5.3
Necromancy     | 5 |  5.3
Translocations | 5 |  5.3
Transmutations | 5 |  5.3
Fire Magic     | 6 |  6.0
Ice Magic      | 6 |  6.0
Air Magic      | 6 |  6.0
Earth Magic    | 6 |  6.0
Poison Magic   | 6 |  6.0
Invocations    | 7 |  7.2
Evocations     | 5 |  5.4

Action                   |  1- 3 |  4- 6 |  7- 9 | 10-12 | 13-15 | 16-18 || total
-------------------------+-------+-------+-------+-------+-------+-------++-------
Melee: Executioner's axe |     1 |       |       |     1 |     5 |     5 ||    12
Invok: Lesser Servant of |       |       |       |       |       |     1 ||     1
Dodge: Dodged            |       |       |       |       |       |     1 ||     1

Table legend: (Time is in decaauts)
 A = Elapsed time spent in this place.
 B = Non-inter-level travel time spent in this place.
 C = Inter-level travel time spent in this place.
 D = Time resting spent in this place.
 E = Time spent auto-exploring this place.
 F = Levels seen in this place.
 G = Mean time per level.
                   A        B        C        D        E       F      G
               +--------+--------+--------+--------+--------+-----+--------+
         Total |     31 |     31 |      0 |      0 |      0 |   1 |   31.0 |
       Dungeon |     31 |     31 |      0 |      0 |      0 |   1 |   31.0 |
               +--------+--------+--------+--------+--------+-----+--------+

Top non-repeatable levels by time:
       D: 31 daAuts
